Devils vs Flames
Created - March 22, 2023 at 19:41
Goals
|
| Devils |
2 |
2 |
1 |
5 |
| Flames |
0 |
1 |
0 |
1 |
|
Shots
|
| Devils |
11 |
8 |
7 |
26 |
| Flames |
13 |
7 |
3 |
23 |
|
1st period
1. Devils , Sven Baertschi 9 (Anton Stralman 21, Kristopher Letang 18) at 13:08
2. Devils , Anton Stralman 6 (Jason Pominville 13, Brayden Point 12) at 16:31
Penalties :
Erik Johnson (Cal) for Hooking (Minor) at 4:03, Christian Folin (Cal) for Hooking (Minor) at 8:36, Anton Stralman (N.J) for Holding (Minor) at 13:26
2nd period
3. Devils , Nick Palmieri 17 (Jonathan Huberdeau 25, Michael Del Zotto 30) at 5:55
4. Flames , Jimmy Hayes 24 (Patrik Berglund 36, Brad Marchand 25) at 13:28
5. Devils , Matt Donovan 4 (Thomas Hickey 7, Anton Lander 7) at 15:09
Penalties :
Marian Gaborik (N.J) for Hooking (Minor) at 7:02
3rd period
6. Devils , Nazem Kadri 22 (Tyler Ennis 39, Michael Del Zotto 31) at 11:25
Penalties :
Eric Staal (Cal) for Roughing (Double Minor) at 2:43, Colby Robak (Cal) for High sticking (Minor) at 13:59, Jonathan Huberdeau (N.J) for Hooking (Minor) at 17:10
Goalie Stats
Maxime Daigneault (N.J), 22 saves from 23 shots - (0.957), W, 30-11-3, 60:00 minutes
Christopher Gibson (Cal), 12 saves from 16 shots - (0.750), L, 7-8-0, 35:09 minutes
Henrik Lundqvist (Cal), 9 saves from 10 shots - (0.900), 24:51 minutes
Players Stats for Devils
Player Name G A P +/- PIM S H SB GA TA FO MP PP MP PK MP
------------------------------------------------------------------------------------
Aleksander Barkov 0 0 0 0 0 2 1 0 1 1 2/8 15:44 3:37 0:18
Anton Lander 0 1 1 2 0 0 0 1 0 0 4/6 10:26 0:25 3:39
Anton Stralman 1 1 2 1 2 2 1 0 0 0 0/0 23:47 3:11 2:42
Brandon Carlo 0 0 0 1 0 0 1 0 0 0 0/0 19:42 0:23 4:15
Brayden Point 0 1 1 1 0 1 1 0 1 0 5/12 11:19 1:10 0:00
Eric Tangradi 0 0 0 1 0 0 0 0 0 0 0/0 14:01 0:38 3:25
Jason Pominville 0 1 1 1 0 0 2 1 0 0 0/1 14:04 1:35 2:11
Jonathan Huberdeau 0 1 1 0 2 0 0 0 0 0 0/0 16:46 3:37 1:09
Kristopher Letang 0 1 1 1 0 1 1 0 0 0 0/0 25:10 5:50 0:57
Logan Shaw 0 0 0 2 0 1 3 1 0 0 0/0 7:41 1:01 0:00
Marian Gaborik 0 0 0 1 2 1 0 1 1 1 1/1 20:23 4:44 0:00
Matt Donovan 1 0 1 2 0 3 0 0 0 0 0/0 16:49 3:43 2:18
Michael Del Zotto 0 2 2 1 0 1 0 2 0 0 0/0 23:06 6:22 1:42
Nazem Kadri 1 0 1 1 0 1 0 0 2 1 11/22 20:39 4:44 0:16
Nick Palmieri 1 0 1 0 0 4 0 1 0 0 1/1 15:26 3:37 0:00
Sven Baertschi 1 0 1 2 0 2 0 0 1 0 0/0 6:49 0:00 0:40
Thomas Hickey 0 1 1 2 0 0 0 1 0 0 0/0 11:33 0:23 0:00
Tyler Ennis 0 1 1 1 0 7 0 1 1 0 0/1 20:35 4:40 0:16
Players Stats for Flames
Player Name G A P +/- PIM S H SB GA TA FO MP PP MP PK MP
------------------------------------------------------------------------------------
Anders Lee 0 0 0 -2 0 0 0 2 0 1 1/1 9:14 0:00 2:25
Brad Marchand 0 1 1 -1 0 1 1 1 1 0 0/0 19:14 0:00 4:23
Brendan Mikkelson 0 0 0 0 0 1 2 0 0 0 0/0 18:19 2:37 5:53
Bryan Rust 0 0 0 -1 0 1 1 1 0 1 1/2 17:49 0:00 2:30
Christian Folin 0 0 0 0 2 2 1 4 0 2 0/0 18:30 0:00 3:57
Colby Robak 0 0 0 0 2 1 0 1 0 1 0/0 18:33 0:00 2:26
Colin Wilson 0 0 0 0 0 0 2 0 0 0 3/5 11:40 0:00 1:08
David Ullstrom 0 0 0 0 0 1 0 0 0 0 0/0 13:05 0:00 2:24
Eric Staal 0 0 0 -1 4 2 2 1 1 0 12/22 19:08 2:39 1:16
Erik Johnson 0 0 0 -4 2 2 3 0 0 1 0/0 26:39 3:20 5:02
Esa Lindell 0 0 0 0 0 0 0 0 0 1 0/0 16:07 2:37 1:59
Jake DeBrusk 0 0 0 -2 0 0 0 0 0 0 0/0 9:52 2:39 0:39
Jimmy Hayes 1 0 1 -1 0 6 1 0 0 0 2/3 14:59 3:18 0:00
Kevin Labanc 0 0 0 -2 0 0 0 0 0 0 0/1 9:13 2:39 0:00
Kyle Palmieri 0 0 0 0 0 1 2 0 0 0 0/0 10:19 0:00 0:00
Patrik Berglund 0 1 1 -1 0 2 3 0 1 0 8/16 19:58 3:18 5:07
Sami Vatanen 0 0 0 -4 0 1 1 1 0 0 0/0 22:22 3:20 0:35
Tanner Pearson 0 0 0 -1 0 2 1 0 0 0 1/2 14:59 3:18 0:00
3 Stars
1 - Sven Baertschi (N.J)
2 - Matt Donovan (N.J)
3 - Anton Stralman (N.J)
Power Play
Devils - 0 on 5 Attempt(s) - 0.00%
Flames - 0 on 3 Attempt(s) - 0.00%
Penalty Kill
Devils - 3 on 3 Attempt(s) - 100.00%
- Score 0 goal in Penalty Kill
Flames - 5 on 5 Attempt(s) - 100.00%
- Score 0 goal in Penalty Kill
Team Stat
Devils - Hits : 10 - Faceoff Wins : 24 - Blocked Shots : 9 - Penalty Minutes : 6
Flames - Hits : 20 - Faceoff Wins : 28 - Blocked Shots : 11 - Penalty Minutes : 10
Official
Referees : Trevor Hanson and Dan O'Rourke
Linesman : Pierre Racicot and Brian Mach
Game Notes
Henrik Lundqvist enters game at 15:09 of 2nd period
Finance
Level 1 -- Attendance: 5744 (95.73%) -- Ticket Income $574,400
Level 2 -- Attendance: 5000 (100.00%) -- Ticket Income $300,000
Level 3 -- Attendance: 2000 (100.00%) -- Ticket Income $70,000
Level 4 -- Attendance: 3660 (91.50%) -- Ticket Income $91,500
Luxury Box -- Attendance: 1000 (100.00%) -- Ticket Income $200,000
Game was played at the Scotiabank Saddledome.
Total Attendance: 17404 (96.69%)
Total Ticket Income: $1,235,900
Other Income: $185,385
Total Income: $1,421,285
Devils
5 vs 5 Forward
Center Left Wing Right Wing Time % Phy DF OF
1 Nazem Kadri Tyler Ennis Marian Gaborik 36 0 2 3
2 Aleksander Barkov Jonathan Huberdeau Nick Palmieri 30 0 2 3
3 Brayden Point Eric Tangradi Jason Pominville 26 0 2 3
4 Anton Lander Sven Baertschi Logan Shaw 8 0 3 2
5 vs 5 Defense
Defense Defense Time % Phy DF OF
1 Kristopher Letang Anton Stralman 40 0 3 2
2 Michael Del Zotto Brandon Carlo 34 0 3 2
3 Matt Donovan Thomas Hickey 26 0 3 2
4 Kristopher Letang Michael Del Zotto 0 0 3 2
PowerPlay Forward
Center Left Wing Right Wing Time % Phy DF OF
1 Nazem Kadri Tyler Ennis Marian Gaborik 60 0 1 4
2 Aleksander Barkov Jonathan Huberdeau Nick Palmieri 40 0 1 4
PowerPlay Defense
Defense Defense Time % Phy DF OF
1 Kristopher Letang Michael Del Zotto 60 0 2 3
2 Anton Stralman Matt Donovan 40 0 2 3
Penalty Kill 4 Players Forward
Center Wing Time % Phy DF OF
1 Anton Lander Eric Tangradi 65 1 3 1
2 Nazem Kadri Tyler Ennis 35 1 3 1
Penalty Kill 4 Players Defense
Defense Defense Time % Phy DF OF
1 Anton Stralman Brandon Carlo 60 1 4 0
2 Michael Del Zotto Matt Donovan 40 1 4 0
Penalty Kill - 3 Players Forward
Forward Time % Phy DF OF
1 Nazem Kadri 60 1 3 1
2 Aleksander Barkov 40 1 3 1
Penalty Kill - 3 Players Defense
Defense Defense Time % Phy DF OF
1 Kristopher Letang Michael Del Zotto 60 1 4 0
2 Anton Stralman Matt Donovan 40 1 4 0
4 vs 4 Forward
Center Wing Time % Phy DF OF
1 Nazem Kadri Tyler Ennis 60 0 2 3
2 Aleksander Barkov Jonathan Huberdeau 40 0 2 3
4 vs 4 Defense
Defense Defense Time % Phy DF OF
1 Kristopher Letang Anton Stralman 60 0 3 2
2 Michael Del Zotto Matt Donovan 40 0 3 2
Last Minutes Offensive
Center Left Wing Right Wing Defense Defense
Nazem Kadri Tyler Ennis Nick Palmieri Kristopher Letang Michael Del Zotto
Last Minutes Defensive
Center Left Wing Right Wing Defense Defense
Anton Lander Tyler Ennis Nick Palmieri Brandon Carlo Anton Stralman
Goaltenders
Starting : Maxime Daigneault
Backup : Tyler Weiman
Extra Forwards
Normal : Brayden Point, Jason Pominville, Aleksander Barkov - PP : Brayden Point, Jason Pominville - PK : Jason Pominville
Extra Defensemen
Normal : Matt Donovan, Brandon Carlo, Thomas Hickey - PP : Matt Donovan - PK : Matt Donovan, Brandon Carlo
Penalty Shots
Tyler Ennis, Nazem Kadri, Nick Palmieri, Aleksander Barkov, Brayden Point
Scratches
None
Flames
5 vs 5 Forward
Center Left Wing Right Wing Time % Phy DF OF
1 Eric Staal Brad Marchand Bryan Rust 38 1 2 2
2 Patrik Berglund Tanner Pearson Jimmy Hayes 33 1 2 2
3 Colin Wilson David Ullstrom Kyle Palmieri 20 1 2 2
4 Anders Lee Jake DeBrusk Kevin Labanc 9 1 2 2
5 vs 5 Defense
Defense Defense Time % Phy DF OF
1 Erik Johnson Sami Vatanen 40 1 2 2
2 Colby Robak Christian Folin 31 1 2 2
3 Esa Lindell Brendan Mikkelson 22 1 2 2
4 Colby Robak Christian Folin 7 1 2 2
PowerPlay Forward
Center Left Wing Right Wing Time % Phy DF OF
1 Patrik Berglund Tanner Pearson Jimmy Hayes 60 1 1 3
2 Eric Staal Jake DeBrusk Kevin Labanc 40 1 1 3
PowerPlay Defense
Defense Defense Time % Phy DF OF
1 Erik Johnson Sami Vatanen 60 1 1 3
2 Esa Lindell Brendan Mikkelson 40 1 1 3
Penalty Kill 4 Players Forward
Center Wing Time % Phy DF OF
1 Patrik Berglund Brad Marchand 60 1 2 2
2 Eric Staal Bryan Rust 40 1 2 2
Penalty Kill 4 Players Defense
Defense Defense Time % Phy DF OF
1 Erik Johnson Christian Folin 60 1 2 2
2 Colby Robak Brendan Mikkelson 40 1 2 2
Penalty Kill - 3 Players Forward
Forward Time % Phy DF OF
1 Eric Staal 60 1 2 2
2 Patrik Berglund 40 1 2 2
Penalty Kill - 3 Players Defense
Defense Defense Time % Phy DF OF
1 Erik Johnson Christian Folin 60 1 2 2
2 Colby Robak Brendan Mikkelson 40 1 2 2
4 vs 4 Forward
Center Wing Time % Phy DF OF
1 Eric Staal Brad Marchand 60 1 2 2
2 Patrik Berglund Bryan Rust 40 1 2 2
4 vs 4 Defense
Defense Defense Time % Phy DF OF
1 Erik Johnson Sami Vatanen 60 1 2 2
2 Colby Robak Christian Folin 40 1 2 2
Last Minutes Offensive
Center Left Wing Right Wing Defense Defense
Eric Staal Brad Marchand Bryan Rust Erik Johnson Sami Vatanen
Last Minutes Defensive
Center Left Wing Right Wing Defense Defense
Eric Staal Brad Marchand Bryan Rust Erik Johnson Sami Vatanen
Goaltenders
Starting : Christopher Gibson
Backup : Henrik Lundqvist
Extra Forwards
Normal : Jake DeBrusk, Bryan Rust, Patrik Berglund - PP : Kevin Labanc, Jake DeBrusk - PK : Eric Staal
Extra Defensemen
Normal : Esa Lindell, Christian Folin, Colby Robak - PP : Esa Lindell - PK : Brendan Mikkelson, Christian Folin
Penalty Shots
Eric Staal, Tanner Pearson, Jake DeBrusk, Patrik Berglund, Jimmy Hayes
Scratches
David Savard (Healthy), Vladimir Sobotka (Healthy), Nathan Lieuwen (Healthy)
% Time on Ice - Devils
Lines # - Real PCT - Wanted PCT - Time Play
Normal Forward
1 - 37% - 36% - 16:19
2 - 27% - 30% - 11:49
3 - 22% - 26% - 9:50
4 - 14% - 8% - 6:09
Normal Defense
1 - 42% - 40% - 18:20
2 - 34% - 34% - 14:54
3 - 24% - 26% - 10:36
4 - 1% - 0% - 0:17
PP Forward
1 - 58% - 60% - 5:46
2 - 42% - 40% - 4:10
PP Defense
1 - 68% - 60% - 6:45
2 - 32% - 40% - 3:11
PK Forward
1 - 96% - 65% - 5:41
2 - 4% - 35% - 0:16
PK Defense
1 - 71% - 60% - 4:15
2 - 29% - 40% - 1:42
PK3 Forward
1 - 0% - 60%
2 - 0% - 40%
PK3 Defense
1 - 0% - 60%
2 - 0% - 40%
44 Forward
1 - 0% - 60%
2 - 0% - 40%
44 Defense
1 - 0% - 60%
2 - 0% - 40%
Last Minute Offensive - 0:00
Last Minute Defensive - 0:00
Total
Forward - 60:00
Defense - 60:00
|
% Time on Ice - Flames
Lines # - Real PCT - Wanted PCT - Time Play
Normal Forward
1 - 35% - 38% - 15:24
2 - 27% - 33% - 11:53
3 - 23% - 20% - 10:19
4 - 15% - 9% - 6:31
Normal Defense
1 - 41% - 40% - 18:12
2 - 35% - 31% - 15:28
3 - 20% - 22% - 8:46
4 - 4% - 7% - 1:41
PP Forward
1 - 55% - 60% - 3:18
2 - 45% - 40% - 2:39
PP Defense
1 - 56% - 60% - 3:20
2 - 44% - 40% - 2:37
PK Forward
1 - 75% - 60% - 7:26
2 - 25% - 40% - 2:30
PK Defense
1 - 70% - 60% - 6:55
2 - 30% - 40% - 3:01
PK3 Forward
1 - 0% - 60%
2 - 0% - 40%
PK3 Defense
1 - 0% - 60%
2 - 0% - 40%
44 Forward
1 - 0% - 60%
2 - 0% - 40%
44 Defense
1 - 0% - 60%
2 - 0% - 40%
Last Minute Offensive - 0:00
Last Minute Defensive - 0:00
Total
Forward - 60:00
Defense - 60:00
|
Play-by-Play
1st period
0:01 of 1st period - Nazem Kadri wins face-off versus Eric Staal in neutral zone.
1:53 of 1st period - Aleksander Barkov is hit by Kyle Palmieri and loses puck.
2:22 of 1st period - Wrist shot by Jimmy Hayes.
2:22 of 1st period - Deflect By Patrik Berglund.
2:22 of 1st period - Stopped by Maxime Daigneault with a rebound.
2:36 of 1st period - Michael Del Zotto is hit by Christian Folin and loses puck.
3:28 of 1st period - Icing by Aleksander Barkov.
3:29 of 1st period - Aleksander Barkov wins face-off versus Eric Staal in Devils zone.
3:44 of 1st period - Wrist shot by Nick Palmieri.
3:44 of 1st period - Stopped by Christopher Gibson with a rebound.
3:46 of 1st period - Wrist shot by Aleksander Barkov.
3:46 of 1st period - Stopped by Christopher Gibson with a rebound.
3:48 of 1st period - Slapshot by Aleksander Barkov.
3:48 of 1st period - Shot Misses the Net.
3:50 of 1st period - Snap shot by Thomas Hickey.
3:50 of 1st period - Shot Blocked by Eric Staal.
3:52 of 1st period - Slapshot by Matt Donovan.
3:52 of 1st period - Shot Blocked by Christian Folin.
3:54 of 1st period - Wrist shot by Nick Palmieri.
3:54 of 1st period - Stopped by Christopher Gibson with a rebound.
3:56 of 1st period - Slapshot by Aleksander Barkov.
3:56 of 1st period - Shot Blocked by Christian Folin.
3:58 of 1st period - Snap shot by Matt Donovan.
3:58 of 1st period - Deflect By Eric Staal.
3:58 of 1st period - Stopped by Christopher Gibson with a rebound.
4:00 of 1st period - Wrist shot by Matt Donovan.
4:00 of 1st period - Stopped by Christopher Gibson without a rebound.
4:01 of 1st period - Jimmy Hayes wins face-off versus Tyler Ennis in Flames zone.
4:03 of 1st period - Minor Penalty to Erik Johnson for Hooking.
4:04 of 1st period - Nazem Kadri wins face-off versus Patrik Berglund in Flames zone.
6:03 of 1st period - Penalty to Erik Johnson is over, Erik Johnson is back on ice.
6:49 of 1st period - Wrist shot by David Ullstrom.
6:49 of 1st period - Stopped by Maxime Daigneault without a rebound.
6:50 of 1st period - Colin Wilson wins face-off versus Aleksander Barkov in Devils zone.
7:02 of 1st period - Anton Stralman is hit by Erik Johnson and loses puck.
7:26 of 1st period - Anton Stralman is hit by Erik Johnson and loses puck.
7:41 of 1st period - Slapshot by Jimmy Hayes.
7:41 of 1st period - Stopped by Maxime Daigneault with a rebound.
7:43 of 1st period - Snap shot by Patrik Berglund.
7:43 of 1st period - Shot Misses the Net.
7:45 of 1st period - Slapshot by Tanner Pearson.
7:45 of 1st period - Stopped by Maxime Daigneault with a rebound.
7:47 of 1st period - Slapshot by Sami Vatanen.
7:47 of 1st period - Shot Blocked by Jason Pominville.
7:49 of 1st period - Slapshot by Jimmy Hayes.
7:49 of 1st period - Stopped by Maxime Daigneault without a rebound.
7:50 of 1st period - Colin Wilson wins face-off versus Aleksander Barkov in Devils zone.
8:36 of 1st period - Minor Penalty to Christian Folin for Hooking.
8:37 of 1st period - Nazem Kadri wins face-off versus Patrik Berglund in Flames zone.
8:42 of 1st period - Slapshot by Tyler Ennis.
8:42 of 1st period - Shot Misses the Net.
9:07 of 1st period - Snap shot by Eric Staal.
9:07 of 1st period - Stopped by Maxime Daigneault with a rebound.
9:09 of 1st period - Snap shot by Bryan Rust.
9:09 of 1st period - Shot Misses the Net.
9:11 of 1st period - Wrist shot by Brendan Mikkelson.
9:11 of 1st period - Stopped by Maxime Daigneault with a rebound.
9:13 of 1st period - Wrist shot by Bryan Rust.
9:13 of 1st period - Stopped by Maxime Daigneault with a rebound.
10:23 of 1st period - Wrist shot by Tyler Ennis.
10:23 of 1st period - Stopped by Christopher Gibson without a rebound.
10:24 of 1st period - Eric Staal wins face-off versus Aleksander Barkov in Flames zone.
10:36 of 1st period - Penalty to Christian Folin is over, Christian Folin is back on ice.
10:37 of 1st period - Backhand shot by Nick Palmieri.
10:37 of 1st period - Stopped by Christopher Gibson with a rebound.
10:50 of 1st period - Off-side.
10:51 of 1st period - Colin Wilson wins face-off versus Brayden Point in neutral zone.
10:56 of 1st period - Slapshot by Christian Folin.
10:56 of 1st period - Stopped by Maxime Daigneault without a rebound.
10:57 of 1st period - Anders Lee wins face-off versus Brayden Point in Devils zone.
11:28 of 1st period - Snap shot by Kyle Palmieri.
11:28 of 1st period - Stopped by Maxime Daigneault with a rebound.
11:48 of 1st period - Wrist shot by Brad Marchand.
11:48 of 1st period - Shot Blocked by Michael Del Zotto.
11:54 of 1st period - Colby Robak is hit by Brandon Carlo and loses puck.
12:07 of 1st period - Slapshot by Patrik Berglund.
12:07 of 1st period - Shot Misses the Net.
12:15 of 1st period - Colby Robak is hit by Jason Pominville and loses puck.
13:06 of 1st period - Wrist shot by Anton Stralman.
13:06 of 1st period - Stopped by Christopher Gibson with a rebound.
13:08 of 1st period - Slapshot by Sven Baertschi.
13:08 of 1st period - Goal by Sven Baertschi - Devils : 1 - Flames : 0.
13:09 of 1st period - Patrik Berglund wins face-off versus Nazem Kadri in neutral zone.
13:12 of 1st period - Kristopher Letang is hit by Tanner Pearson and loses puck.
13:26 of 1st period - Minor Penalty to Anton Stralman for Holding.
13:27 of 1st period - Anton Lander wins face-off versus Patrik Berglund in Devils zone.
14:37 of 1st period - Anton Lander is hit by Eric Staal and loses puck.
14:53 of 1st period - Icing by Erik Johnson.
14:54 of 1st period - Patrik Berglund wins face-off versus Jason Pominville in Flames zone.
15:26 of 1st period - Penalty to Anton Stralman is over, Anton Stralman is back on ice.
15:33 of 1st period - Off-side.
15:34 of 1st period - Nazem Kadri wins face-off versus Colin Wilson in neutral zone.
16:17 of 1st period - Snap shot by Jimmy Hayes.
16:17 of 1st period - Stopped by Maxime Daigneault without a rebound.
16:18 of 1st period - Brayden Point wins face-off versus Patrik Berglund in Devils zone.
16:29 of 1st period - Snap shot by Jason Pominville.
16:29 of 1st period - Shot Misses the Net.
16:31 of 1st period - Slapshot by Anton Stralman.
16:31 of 1st period - Goal by Anton Stralman - Devils : 2 - Flames : 0.
16:32 of 1st period - Nazem Kadri wins face-off versus Eric Staal in neutral zone.
16:39 of 1st period - Slapshot by Michael Del Zotto.
16:39 of 1st period - Stopped by Christopher Gibson without a rebound.
16:40 of 1st period - Eric Staal wins face-off versus Nazem Kadri in Flames zone.
16:49 of 1st period - Nazem Kadri is hit by Bryan Rust and loses puck.
17:01 of 1st period - Off-side.
17:02 of 1st period - Brayden Point wins face-off versus Patrik Berglund in neutral zone.
17:29 of 1st period - Anton Stralman is hit by Brendan Mikkelson and loses puck.
17:54 of 1st period - Sami Vatanen is hit by Anton Stralman and loses puck.
18:35 of 1st period - Slapshot by Colby Robak.
18:35 of 1st period - Stopped by Maxime Daigneault with a rebound.
18:46 of 1st period - Patrik Berglund is hit by Logan Shaw and loses puck.
19:28 of 1st period - Slapshot by Eric Staal.
19:28 of 1st period - Stopped by Maxime Daigneault with a rebound.
Goals for this period are 2 for Devils vs 0 for Flames.
Shots for this period are 11 for Devils vs 13 for Flames.
2nd period
0:01 of 2nd period - Eric Staal wins face-off versus Nazem Kadri in neutral zone.
0:26 of 2nd period - Jonathan Huberdeau is hit by Patrik Berglund and loses puck.
1:43 of 2nd period - Snap shot by Eric Staal.
1:43 of 2nd period - Shot Misses the Net.
1:53 of 2nd period - Logan Shaw is hit by Jimmy Hayes and loses puck.
2:01 of 2nd period - Off-side.
2:02 of 2nd period - Eric Staal wins face-off versus Nazem Kadri in neutral zone.
2:07 of 2nd period - Snap shot by Brad Marchand.
2:07 of 2nd period - Shot Misses the Net.
2:31 of 2nd period - Slapshot by Jimmy Hayes.
2:31 of 2nd period - Shot Misses the Net.
2:33 of 2nd period - Snap shot by Patrik Berglund.
2:33 of 2nd period - Shot Misses the Net.
2:35 of 2nd period - Snap shot by Patrik Berglund.
2:35 of 2nd period - Shot Misses the Net.
2:37 of 2nd period - Slapshot by Colby Robak.
2:37 of 2nd period - Shot Misses the Net.
2:39 of 2nd period - Slapshot by Christian Folin.
2:39 of 2nd period - Deflect By Jonathan Huberdeau.
2:39 of 2nd period - Stopped by Maxime Daigneault with a rebound.
2:41 of 2nd period - Snap shot by Patrik Berglund.
2:41 of 2nd period - Stopped by Maxime Daigneault with a rebound.
3:33 of 2nd period - Esa Lindell is hit by Logan Shaw and loses puck.
4:00 of 2nd period - Brad Marchand is hit by Jason Pominville and loses puck.
4:33 of 2nd period - Snap shot by Nazem Kadri.
4:33 of 2nd period - Shot Blocked by Sami Vatanen.
4:35 of 2nd period - Wrist shot by Tyler Ennis.
4:35 of 2nd period - Stopped by Christopher Gibson with a rebound.
4:37 of 2nd period - Snap shot by Marian Gaborik.
4:37 of 2nd period - Deflect By Nazem Kadri.
4:37 of 2nd period - Shot Misses the Net.
4:37 of 2nd period - Puck is out of play.
4:38 of 2nd period - Eric Staal wins face-off versus Nazem Kadri in Flames zone.
5:07 of 2nd period - Snap shot by Nazem Kadri.
5:07 of 2nd period - Shot Misses the Net.
5:23 of 2nd period - Snap shot by Tyler Ennis.
5:23 of 2nd period - Shot Misses the Net.
5:25 of 2nd period - Wrist shot by Tyler Ennis.
5:25 of 2nd period - Shot Blocked by Christian Folin.
5:55 of 2nd period - Snap shot by Nick Palmieri.
5:55 of 2nd period - Goal by Nick Palmieri - Devils : 3 - Flames : 0.
5:56 of 2nd period - Brayden Point wins face-off versus Bryan Rust in neutral zone.
6:03 of 2nd period - Snap shot by Brayden Point.
6:03 of 2nd period - Stopped by Christopher Gibson without a rebound.
6:04 of 2nd period - Eric Staal wins face-off versus Brayden Point in Flames zone.
6:56 of 2nd period - Snap shot by David Ullstrom.
6:56 of 2nd period - Shot Blocked by Michael Del Zotto.
6:58 of 2nd period - Wrist shot by David Ullstrom.
6:58 of 2nd period - Shot Misses the Net.
7:00 of 2nd period - Slapshot by Kyle Palmieri.
7:00 of 2nd period - Shot Blocked by Marian Gaborik.
7:02 of 2nd period - Minor Penalty to Marian Gaborik for Hooking.
7:03 of 2nd period - Anton Lander wins face-off versus Jimmy Hayes in Devils zone.
7:39 of 2nd period - Slapshot by Esa Lindell.
7:39 of 2nd period - Shot Misses the Net.
8:04 of 2nd period - Icing by Jimmy Hayes.
8:05 of 2nd period - Anton Lander wins face-off versus Patrik Berglund in Flames zone.
9:02 of 2nd period - Penalty to Marian Gaborik is over, Marian Gaborik is back on ice.
9:45 of 2nd period - Snap shot by Brad Marchand.
9:45 of 2nd period - Stopped by Maxime Daigneault without a rebound.
9:46 of 2nd period - Eric Staal wins face-off versus Brayden Point in Devils zone.
9:53 of 2nd period - Snap shot by Brad Marchand.
9:53 of 2nd period - Deflect By Bryan Rust.
9:53 of 2nd period - Shot Misses the Net.
9:53 of 2nd period - Puck is out of play.
9:54 of 2nd period - Brayden Point wins face-off versus Patrik Berglund in Devils zone.
9:54 of 2nd period - Brayden Point is hit by Sami Vatanen.
11:23 of 2nd period - Off-side.
11:24 of 2nd period - Patrik Berglund wins face-off versus Brayden Point in neutral zone.
11:27 of 2nd period - Slapshot by Esa Lindell.
11:27 of 2nd period - Shot Blocked by Thomas Hickey.
11:29 of 2nd period - Wrist shot by Brendan Mikkelson.
11:29 of 2nd period - Deflect By Jimmy Hayes.
11:29 of 2nd period - Shot Misses the Net.
11:29 of 2nd period - Puck is out of play.
11:30 of 2nd period - Eric Staal wins face-off versus Nazem Kadri in Devils zone.
13:22 of 2nd period - Snap shot by Jimmy Hayes.
13:22 of 2nd period - Shot Misses the Net.
13:24 of 2nd period - Snap shot by Jimmy Hayes.
13:24 of 2nd period - Shot Misses the Net.
13:26 of 2nd period - Snap shot by Patrik Berglund.
13:26 of 2nd period - Shot Blocked by Nick Palmieri.
13:28 of 2nd period - Wrist shot by Jimmy Hayes.
13:28 of 2nd period - Goal by Jimmy Hayes - Devils : 3 - Flames : 1.
13:29 of 2nd period - Nazem Kadri wins face-off versus Eric Staal in neutral zone.
13:40 of 2nd period - Snap shot by Tyler Ennis.
13:40 of 2nd period - Stopped by Christopher Gibson without a rebound.
13:41 of 2nd period - Patrik Berglund wins face-off versus Nazem Kadri in Flames zone.
13:54 of 2nd period - Snap shot by Jimmy Hayes.
13:54 of 2nd period - Stopped by Maxime Daigneault without a rebound.
13:55 of 2nd period - Eric Staal wins face-off versus Nazem Kadri in Devils zone.
14:24 of 2nd period - Snap shot by Tanner Pearson.
14:24 of 2nd period - Stopped by Maxime Daigneault with a rebound.
15:05 of 2nd period - Snap shot by Anton Lander.
15:05 of 2nd period - Shot Blocked by Anders Lee.
15:07 of 2nd period - Slapshot by Thomas Hickey.
15:07 of 2nd period - Shot Blocked by Anders Lee.
15:09 of 2nd period - Slapshot by Matt Donovan.
15:09 of 2nd period - Goal by Matt Donovan - Devils : 4 - Flames : 1.
15:09 of 2nd period - Henrik Lundqvist enters game.
15:10 of 2nd period - Marian Gaborik wins face-off versus Eric Staal in neutral zone.
15:17 of 2nd period - Slapshot by Tyler Ennis.
15:17 of 2nd period - Stopped by Henrik Lundqvist with a rebound.
15:19 of 2nd period - Slapshot by Anton Stralman.
15:19 of 2nd period - Shot Misses the Net.
15:21 of 2nd period - Slapshot by Nazem Kadri.
15:21 of 2nd period - Deflect By Tyler Ennis.
15:21 of 2nd period - Shot Blocked by Brad Marchand.
15:21 of 2nd period - Puck is out of play.
15:22 of 2nd period - Aleksander Barkov wins face-off versus Tanner Pearson in Flames zone.
15:54 of 2nd period - Wrist shot by Marian Gaborik.
15:54 of 2nd period - Stopped by Henrik Lundqvist with a rebound.
16:18 of 2nd period - Wrist shot by Sven Baertschi.
16:18 of 2nd period - Stopped by Henrik Lundqvist with a rebound.
16:34 of 2nd period - Backhand shot by Kevin Labanc.
16:34 of 2nd period - Deflect By Jake DeBrusk.
16:34 of 2nd period - Shot Misses the Net.
16:34 of 2nd period - Puck is out of play.
16:35 of 2nd period - Nick Palmieri wins face-off versus Kevin Labanc in Devils zone.
16:39 of 2nd period - Off-side.
16:40 of 2nd period - Nazem Kadri wins face-off versus Eric Staal in neutral zone.
17:10 of 2nd period - Off-side.
17:11 of 2nd period - Patrik Berglund wins face-off versus Brayden Point in neutral zone.
18:41 of 2nd period - Marian Gaborik is hit by Brendan Mikkelson and loses puck.
19:26 of 2nd period - Snap shot by Jimmy Hayes.
19:26 of 2nd period - Stopped by Maxime Daigneault with a rebound.
Goals for this period are 2 for Devils vs 1 for Flames.
Shots for this period are 8 for Devils vs 7 for Flames.
3rd period
0:01 of 3rd period - Bryan Rust wins face-off versus Aleksander Barkov in neutral zone.
0:04 of 3rd period - Aleksander Barkov is hit by Brad Marchand and loses puck.
0:27 of 3rd period - Erik Johnson is hit by Brayden Point and loses puck.
0:54 of 3rd period - Wrist shot by David Ullstrom.
0:54 of 3rd period - Shot Blocked by Tyler Ennis.
0:56 of 3rd period - Slapshot by Erik Johnson.
0:56 of 3rd period - Stopped by Maxime Daigneault with a rebound.
1:47 of 3rd period - Jonathan Huberdeau is hit by Eric Staal and loses puck.
2:04 of 3rd period - Wrist shot by Brayden Point.
2:04 of 3rd period - Shot Misses the Net.
2:12 of 3rd period - Brayden Point is hit by Patrik Berglund and loses puck.
2:20 of 3rd period - Icing by Thomas Hickey.
2:21 of 3rd period - Brayden Point wins face-off versus Colin Wilson in Devils zone.
2:21 of 3rd period - Matt Donovan is hit by Kyle Palmieri and loses puck.
2:34 of 3rd period - Slapshot by Marian Gaborik.
2:34 of 3rd period - Deflect By Tyler Ennis.
2:34 of 3rd period - Stopped by Henrik Lundqvist without a rebound.
2:35 of 3rd period - Nazem Kadri wins face-off versus Eric Staal in Flames zone.
2:36 of 3rd period - Slapshot by Tyler Ennis.
2:36 of 3rd period - Shot Misses the Net.
2:38 of 3rd period - Slapshot by Kristopher Letang.
2:38 of 3rd period - Stopped by Henrik Lundqvist without a rebound.
2:39 of 3rd period - Nazem Kadri wins face-off versus Eric Staal in Flames zone.
2:43 of 3rd period - Double Minor Penalty to Eric Staal for Roughing.
2:44 of 3rd period - Patrik Berglund wins face-off versus Nazem Kadri in Flames zone.
6:43 of 3rd period - Penalty to Eric Staal is over, Eric Staal is back on ice.
7:18 of 3rd period - Icing by Eric Tangradi.
7:19 of 3rd period - Eric Staal wins face-off versus Brayden Point in Devils zone.
8:08 of 3rd period - Marian Gaborik is hit by Erik Johnson and loses puck.
8:38 of 3rd period - Slapshot by Eric Staal.
8:38 of 3rd period - Shot Misses the Net.
8:40 of 3rd period - Snap shot by Brad Marchand.
8:40 of 3rd period - Shot Blocked by Logan Shaw.
9:01 of 3rd period - Thomas Hickey is hit by Colin Wilson and loses puck.
9:20 of 3rd period - Slapshot by Kevin Labanc.
9:20 of 3rd period - Shot Misses the Net.
9:34 of 3rd period - Wrist shot by Tyler Ennis.
9:34 of 3rd period - Stopped by Henrik Lundqvist with a rebound.
9:37 of 3rd period - Icing by Eric Staal.
9:38 of 3rd period - Eric Staal wins face-off versus Aleksander Barkov in Flames zone.
9:49 of 3rd period - Snap shot by Aleksander Barkov.
9:49 of 3rd period - Stopped by Henrik Lundqvist without a rebound.
9:50 of 3rd period - Tanner Pearson wins face-off versus Nazem Kadri in Flames zone.
10:27 of 3rd period - Snap shot by Eric Staal.
10:27 of 3rd period - Shot Misses the Net.
10:29 of 3rd period - Slapshot by Bryan Rust.
10:29 of 3rd period - Shot Misses the Net.
10:45 of 3rd period - Slapshot by Anton Stralman.
10:45 of 3rd period - Shot Blocked by Christian Folin.
10:47 of 3rd period - Backhand shot by Eric Tangradi.
10:47 of 3rd period - Shot Blocked by Colby Robak.
10:49 of 3rd period - Wrist shot by Brayden Point.
10:49 of 3rd period - Shot Misses the Net.
11:05 of 3rd period - Slapshot by Colby Robak.
11:05 of 3rd period - Shot Blocked by Anton Lander.
11:25 of 3rd period - Slapshot by Nazem Kadri.
11:25 of 3rd period - Goal by Nazem Kadri - Devils : 5 - Flames : 1.
11:26 of 3rd period - Nazem Kadri wins face-off versus Eric Staal in neutral zone.
11:43 of 3rd period - Wrist shot by Tyler Ennis.
11:43 of 3rd period - Shot Blocked by Bryan Rust.
12:23 of 3rd period - Slapshot by Sami Vatanen.
12:23 of 3rd period - Stopped by Maxime Daigneault without a rebound.
12:24 of 3rd period - Nazem Kadri wins face-off versus Eric Staal in Devils zone.
12:31 of 3rd period - Wrist shot by Tyler Ennis.
12:31 of 3rd period - Stopped by Henrik Lundqvist without a rebound.
12:32 of 3rd period - Eric Staal wins face-off versus Nazem Kadri in Flames zone.
12:59 of 3rd period - Slapshot by Tyler Ennis.
12:59 of 3rd period - Shot Misses the Net.
13:35 of 3rd period - Colby Robak is hit by Kristopher Letang and loses puck.
13:59 of 3rd period - Minor Penalty to Colby Robak for High sticking.
14:00 of 3rd period - Patrik Berglund wins face-off versus Aleksander Barkov in Flames zone.
14:08 of 3rd period - Erik Johnson is hit by Aleksander Barkov.
14:58 of 3rd period - David Ullstrom is hit by Logan Shaw and loses puck.
15:03 of 3rd period - Wrist shot by Jason Pominville.
15:03 of 3rd period - Deflect By Logan Shaw.
15:03 of 3rd period - Stopped by Henrik Lundqvist with a rebound.
15:59 of 3rd period - Penalty to Colby Robak is over, Colby Robak is back on ice.
16:13 of 3rd period - Snap shot by Anton Lander.
16:13 of 3rd period - Shot Misses the Net.
16:23 of 3rd period - Logan Shaw is hit by Patrik Berglund and loses puck.
17:10 of 3rd period - Minor Penalty to Jonathan Huberdeau for Hooking.
17:11 of 3rd period - Anton Lander wins face-off versus Patrik Berglund in Devils zone.
17:22 of 3rd period - Snap shot by Anton Lander.
17:22 of 3rd period - Deflect By Eric Tangradi.
17:22 of 3rd period - Shot Misses the Net.
17:22 of 3rd period - Puck is out of play.
17:23 of 3rd period - Patrik Berglund wins face-off versus Anton Lander in Flames zone.
17:52 of 3rd period - Slapshot by Erik Johnson.
17:52 of 3rd period - Stopped by Maxime Daigneault without a rebound.
17:53 of 3rd period - Jimmy Hayes wins face-off versus Anton Lander in Devils zone.
18:12 of 3rd period - Snap shot by Kevin Labanc.
18:12 of 3rd period - Shot Misses the Net.
19:10 of 3rd period - Penalty to Jonathan Huberdeau is over, Jonathan Huberdeau is back on ice.
19:19 of 3rd period - Kristopher Letang is hit by Colin Wilson and loses puck.
19:24 of 3rd period - Wrist shot by Colin Wilson.
19:24 of 3rd period - Shot Misses the Net.
19:30 of 3rd period - Snap shot by Kyle Palmieri.
19:30 of 3rd period - Shot Misses the Net.
Goals for this period are 1 for Devils vs 0 for Flames.
Shots for this period are 7 for Devils vs 3 for Flames.